 Dungeon Crawl Stone Soup version 0.31-a0-237-g2d982f9f85 (webtiles) character file.

Game seed: 16297663718163582227

25 qw the Shooter (level 2, 0/24 HPs)
             Began as a Minotaur Hexslinger on July 11, 2023.
             Slain by an orc
             ... wielding a +0 short sword
              (4 damage)
             ... on level 4 of the Dungeon.
             The game lasted 00:00:18 (961 turns).

qw the Shooter (Minotaur Hexslinger)                 Turns: 961, Time: 00:00:18

Health: 0/24       AC:  6    Str: 12    XL:     2   Next: 86%
Magic:  2/2        EV: 10    Int: 10    God:
Gold:   79         SH:  0    Dex: 12    Spells: 2/3 levels left

rFire   . . .        Y - +1 sling
rCold   . . .        (no shield)
rNeg    . . .        k - +0 ring mail
rPois   .            (helmet restricted)
rElec   .            e - +0 cloak
rCorr   .            (no gloves)
SInv    .            (no boots)
Will    .....        f - amulet of the acrobat
Stlth   +            (no ring)
HPRegen 0.24/turn    (no ring)
MPRegen 0.08/turn

%: acrobat
@: no status effects
A: horns 2, retaliatory headbutt
a: no special abilities


You were on level 4 of the Dungeon.
You visited 1 branch of the dungeon, and saw 3 of its levels.

You collected 79 gold pieces.


Innate Abilities, Weirdness & Mutations

You have a pair of horns on your head.
You reflexively headbutt those who attack you in melee.


   Skills:
 - Level 2.0 Fighting
 + Level 3.5 Ranged Weapons
 - Level 2.1 Dodging
 - Level 1.0 Spellcasting
 - Level 2.0 Hexes


You had 2 spell levels left.
You knew the following spells:

 Your Spells              Type           Power      Damage    Failure   Level
a - Slow                  Hex            16%        N/A       34%         1

Your spell library contained the following spells:

 Spells                   Type           Power      Damage    Failure   Level
 Inner Flame              Hex/Fire       2%         N/A       83%         3
 Portal Projectile        Hex/Tloc       4%         N/A       83%         3
 Cause Fear               Hex            2%         N/A       98%         4

Inventory:

Hand Weapons
 Y - a +1 sling (weapon)
Armour
 e - a +0 cloak (worn)
 k - a +0 ring mail (worn)
Jewellery
 b - a +6 ring of dexterity
 f - an amulet of the acrobat (around neck)
Scrolls
 a - a scroll of identify {unknown}
Potions
 g - a potion of magic {unknown}
 h - a potion of curing
 i - a potion of enlightenment {unknown}
 j - a potion of resistance {unknown}

Dungeon Overview and Level Annotations

Branches:
Dungeon (4/15)             Temple (0/1) D:4

Altars:


Message History

b - a +6 ring of dexterity A sourceless malevolence fills the Dungeon...
You fall into a shaft and drop 2 floors!
The shaft crumbles and collapses.
Found a spear and 5 stones.
Waypoint 2 assigned to D:4.
You now have 79 gold pieces (gained 8).
An orc priest and an orc come into view.
Found a staircase to the Ecumenical Temple.
The orc shouts!
955 ||| PLANNING TEMPLE You shoot a sling bullet.
The sling bullet hits the orc priest.
The orc priest is moderately wounded.
You shoot a sling bullet.
The sling bullet closely misses the orc priest.
The orc priest hits you but does no damage.
You shoot a sling bullet.
The sling bullet barely misses the orc priest.
The orc priest invokes the aid of Beogh against you.
Beogh smites you!
Ouch! That really hurt!
The orc hits you with a +0 short sword.
The orc priest looks satisfied for a moment.
You shoot a sling bullet.
The sling bullet closely misses the orc priest.
The orc priest hits you but does no damage.
The orc hits you with a +0 short sword.
You shoot a sling bullet.
The sling bullet barely misses the orc priest.
The orc priest hits you with a +0 short sword.
The orc closely misses you.
You shoot a sling bullet.
The sling bullet barely misses the orc priest.
The orc priest hits you but does no damage.
The orc hits you but does no damage. x2
The orc priest hits you but does no damage.
You shoot a sling bullet.
The sling bullet barely misses the orc priest.
The orc priest barely misses you. The orc hits you with a +0 short sword.
You die...

...# # ..# #. ..#
# #.# ##.## #
..... ...#>#
###.#.##.(#.####.
#.........o......
.........@..#
..###+####o)# ..#
..# ..# ..# ..#
..#


You could see an orc priest and an orc.

Vanquished Creatures
  A worm (D:1)
  2 dart slugs (D:1)
  3 endoplasms (D:1)
  3 goblins
  3 jackals (D:1)
  A ball python (D:1)
  4 frilled lizards
  A kobold (D:1)
  A rat (D:1)
19 creatures vanquished.

Notes
Turn   | Place    | Note
-------+----------+-------------------------------------------
     0 | D:1      | qw the Minotaur Hexslinger began the quest for the Orb.
     0 | D:1      | Reached XP level 1. HP: 16/16 MP: 1/1
     0 | D:1      | 0 ||| qw: Version: 0.3-a-52-g30416fa
     0 | D:1      | 0 ||| qw: Game counter: 5543
     0 | D:1      | 0 ||| qw: Melee chars always use a shield: true
     0 | D:1      | 0 ||| qw: God list: Okawaru
     0 | D:1      | 0 ||| qw: Allow faded altars: false
     0 | D:1      | 0 ||| qw: Do Orc after clearing Dungeon:15 true
     0 | D:1      | 0 ||| qw: Do second Lair branch before Depths: true
     0 | D:1      | 0 ||| qw: Lair rune preference: random
     0 | D:1      | 0 ||| qw: Goals: Normal
     0 | D:1      | 0 ||| PLANNING D:1-11
     8 | D:1      | Found a faded altar of an unknown god.
   230 | D:1      | Reached skill level 3 in Ranged Weapons
   230 | D:1      | Reached XP level 2. HP: 23/23 MP: 2/2
   790 | D:1      | 790 ||| UPGRADING to +0 cloak.
   795 | D:1      | 795 ||| UPGRADING to +0 ring mail.
   805 | D:1      | 805 ||| DROPPING +0 robe.
   806 | D:1      | 806 ||| UPGRADING to amulet of the acrobat.
   811 | D:1      | 811 ||| READING scroll labelled VIEFRU VUSI.
   812 | D:1      | 812 ||| READING scroll labelled KIMUM SASU.
   813 | D:1      | 813 ||| DRINKING 2 viscous red potions.
   814 | D:1      | 814 ||| DROPPING scroll of poison.
   864 | D:2      | 864 ||| STAIRDANCE
   951 | D:2      | You fall into a shaft and drop 2 floors!
   954 | D:4      | Found a staircase to the Ecumenical Temple.
   955 | D:4      | 955 ||| PLANNING TEMPLE
   957 | D:4      | HP: 5/24 [orc/+0 short sword (3)]
   961 | D:4      | Slain by an orc

Levels and vault maps discovered:
D:1:      roderic_chinese_lattice_arrival, layout_basic,
          shapermc_ecumenical_altar_mp_highgroup
D:2:      layout_basic, basic_altar, uniq_crazy_yiuf_cottage, uniq_terence
D:4:      layout_loops_ring, mainiacjoe_overflow_six_doors_small,
          mainiacjoe_overflow_catwalk, jmf_multi_god_temple,
          minmay_temple_entry_proselytizer, st_stairs_14, minmay_misc_feat_roman

Skill      XL: |  1  2 |
---------------+-------+-----
Ranged Weapons | 3 |  3.5
Fighting       | 2 |  2.0
Dodging        | |  2.1
Spellcasting   | |  1.0
Hexes          | |  2.0

Action                     || total
---------------------------++-------
   Fire: Sling             ||    66
    Use: Scroll            ||     2
         Potion            ||     1
 Armour: Ring mail         ||    11
         Robe              ||     4
  Dodge: Dodged            ||    11

Table legend:
 A = Non-vault XP
 B = Vault XP
 C = Vault XP percentage of total XP
 D = Non-vault monster count
 E = Vault monster count
 F = Vault count percentage of total count
                 A         B        C        D         E       F
            +---------+---------+-------+---------+---------+-------
      Total |      37 |       0 |   0.0 |      19 |       0 |   0.0
            +---------+---------+-------+---------+---------+-------
        D:1 |      33 |       0 |   0.0 |      16 |       0 |   0.0
        D:2 |       4 |       0 |   0.0 |       3 |       0 |   0.0
            +---------+---------+-------+---------+---------+-------
